 Dungeon Crawl Stone Soup version 0.27-a0-1273-gec92ba881d (webtiles) character file.

Game seed: 6560061198099219261

21631 ZappyNine the Merchant of Misery (level 12, -26/92 (94) HPs)
             Began as a Demonspawn Gladiator on June 11, 2021.
             Was a Believer of Kikubaaqudgha.
             Killed from afar by a lindwurm (37 damage)
             ... with a blast of flame
             ... on level 3 of the Lair of Beasts.
             The game lasted 00:52:18 (15691 turns).

ZappyNine the Merchant of Misery (DsGl)            Turns: 15691, Time: 00:52:18

HP:   -26/92 (94)   AC: 11    Str: 16    XL:     12   Next: 55%
MP:   0/22          EV: 17    Int: 15    God:    Kikubaaqudgha [**....]
Gold: 905           SH:  0    Dex: 21    Spells: 3/25 levels left

rFire    . . .     SeeInvis .   x - staff of death
rCold    . . .     Faith    .   (no shield)
rNeg     + . .     Spirit   +   o - +0 troll leather armour
rPois    +         Reflect  .   (helmet restricted)
rElec    +         Harm     .   J - scarf {+Inv}
rCorr    .         Rampage  .   p - +0 pair of gloves of Autumn {Int+4 Dex+2}
Will     .....     Clarity  +   t - +0 pair of boots
Stlth    ++........             (no amulet)
HPRegen  2.25/turn              z - ring of poison resistance
MPRegen  0.36/turn              d - +4 ring of protection

@: very slightly contaminated, hasted, lightly drained, very quick
A: hooves 2, horns 2, icemail 1, magic shield, magic regeneration, magic link,
condensation shield, agile 1, clarity, regeneration 1, electricity resistance
a: Renounce Religion, Evoke Invisibility, Receive Corpses


You were on level 3 of the Lair of Beasts.
You worshipped Kikubaaqudgha.
Kikubaaqudgha was pleased with you.
You visited 3 branches of the dungeon, and saw 16 of its levels.
You also visited: Ossuary.

You collected 905 gold pieces.

Inventory:

Hand Weapons
 a - a +0 vorpal rapier
Missiles
 q - 13 boomerangs (quivered)
 G - 19 javelins
 L - 4 curare-tipped darts
Armour
 o - a +0 troll leather armour (worn)
 p - the +0 pair of gloves of Autumn (worn) {Int+4 Dex+2}
   (You found it on level 5 of the Dungeon)

   It affects your intelligence (+4).
   It affects your dexterity (+2).
 t - a +0 pair of boots (worn)
 J - a scarf of invisibility (worn)
Magical Staves
 x - a staff of death (weapon)
Jewellery
 d - a +4 ring of protection (right hand)
 g - a ring of protection from cold
 h - a +6 ring of dexterity
 l - a ring of fire
 y - a ring of positive energy
 z - a ring of poison resistance (left hand)
 E - a ring of flight
Wands
 c - a wand of polymorph (15)
 f - a wand of flame (6)
 F - a wand of iceblast (10)
 M - a wand of digging (7)
Scrolls
 e - 6 scrolls of fog
 i - 7 scrolls of teleportation
 j - 10 scrolls of identify
 s - 5 scrolls of magic mapping
 u - 2 scrolls of brand weapon
 A - a scroll of summoning
 D - 2 scrolls of amnesia
 H - a scroll of enchant weapon {unknown}
 K - a scroll of fear
Potions
 b - a potion of resistance
 k - 5 potions of flight
 n - 4 potions of attraction
 r - 4 potions of mutation
 w - 3 potions of curing
 B - a potion of brilliance
 I - 4 potions of lignification
 N - 2 potions of magic
Miscellaneous
 v - a phial of floods


   Skills:
 + Level 8.8 Fighting
 - Level 4.0 Short Blades
 - Level 7.4 Staves
 - Level 1.7 Throwing
 + Level 4.1 Armour
 - Level 7.5 Dodging
 - Level 7.0 Spellcasting
 + Level 9.5 Necromancy
 - Level 4.2 Earth Magic
 - Level 8.1 Evocations


You had 3 spell levels left.
You knew the following spells:

 Your Spells              Type           Power      Damage    Failure   Level
a - Dispel Undead         Necr           50%        3d19      3%          4
b - Vampiric Draining     Necr           25%        2d9       1%          3
c - Animate Dead          Necr           25%        N/A       3%          4
d - Pain                  Necr           100%       1d9       1%          1
f - Agony                 Necr           50%        N/A       9%          5
g - Borgnjor's Vile Clut  Necr/Erth      19%        N/A       26%         5

Your spell library contained the following spells:

 Spells                   Type           Power      Damage    Failure   Level
 Animate Skeleton         Necr           100%       N/A       1%          1
 Sublimation of Blood     Necr           25%        N/A       1%          2
 Sandblast                Erth           36%        2d10      2%          1
 Corpse Rot               Necr/Air       N/A        N/A       3%          2
 Passwall                 Tmut/Erth      9%         N/A       10%         2
 Apportation              Tloc           10%        N/A       16%         1
 Corona                   Hex            5%         N/A       16%         1
 Magic Dart               Conj           20%        1d4       16%         1
 Summon Small Mammal      Summ           20%        N/A       16%         1
 Stone Arrow              Conj/Erth      22%        3d8       21%         3
 Blink                    Tloc           N/A        N/A       24%         2
 Call Imp                 Summ           5%         N/A       24%         2
 Ensorcelled Hibernation  Hex/Ice        10%        N/A       24%         2
 Slow                     Hex            5%         N/A       24%         2
 Call Canine Familiar     Summ           5%         N/A       43%         3
 Confusing Touch          Hex            5%         N/A       43%         3
 Conjure Flame            Conj/Fire      5%         6-21      43%         3
 Dazzling Flash           Conj/Hex       10%        N/A       43%         3
 Gell's Gravitas          Tloc           2%         N/A       43%         3
 Ignite Poison            Fire/Tmut/Pois 5%         N/A       43%         3
 Mephitic Cloud           Conj/Pois/Air  5%         N/A       43%         3
 Summon Guardian Golem    Hex/Summ       5%         N/A       43%         3
 Tukima's Dance           Hex            5%         N/A       43%         3
 Petrify                  Tmut/Erth      11%        N/A       54%         4
 Lee's Rapid Deconstruct  Erth           9%         3d8*      58%         5
 Summon Ice Beast         Ice/Summ       5%         N/A       83%         4
 Summon Lightning Spire   Summ/Air       5%         N/A       83%         4
 Simulacrum               Ice/Necr       14%        N/A       98%         6
 Fireball                 Conj/Fire      2%         3d4       99%         5
 Metabolic Englaciation   Hex/Ice        2%         N/A       99%         5
 Yara's Violent Unravell  Hex/Tmut       2%         3d3       99%         5
 Starburst                Conj/Fire      2%         8x6d3     100%        6
 Ignition                 Fire           2%         3d3       100%        8


Dungeon Overview and Level Annotations

Branches:
Dungeon (12/15)            Temple (1/1) D:5            Lair (3/6) D:11
 Shoals (0/4) Lair:2        Snake (0/4) Lair:3          Orc (0/2) D:12
Ossuary (visited)

Altars:
Ashenzari
Cheibriados
Dithmenos
Elyvilon
Fedhas
Gozag
Hepliaklqana
Kikubaaqudgha
Makhleb
Nemelex Xobeh
Okawaru
Qazlal
Ru
Sif Muna
Trog
Uskayaw
Vehumet
Wu Jian
Xom
Yredelemnul
Zin
The Shining One

Shops:
D:7 [   D:11 ?

Portals:
Trove: D:10 (give 5 potions of resistance)

Annotations:
D:4 1 runed translucent door, Crazy Yiuf
Lair:1 exclusion: oklob plant


Innate Abilities, Weirdness & Mutations

You have hoof-like feet.
You have a pair of horns on your head.
A meltable icy envelope protects you from harm. (AC +0)
When hurt, damage is shared between your health and your magic reserves.
You regenerate magic rapidly.
When low on magic, you restore magic in place of health.
A meltable shield of frost defends you. (SH +0)
You are agile. (Dex +2)
You possess an exceptional clarity of mind.
Your natural rate of healing is unusually fast.
You are resistant to electric shocks. (rElec)


Message History

The lindwurm breathes flames at you. The blast of flame misses you.
Unknown command.
Unknown command.
Unknown command.
You barely miss the lindwurm.
The lindwurm is heavily wounded.
The lindwurm breathes flames at you. The blast of flame hits you!!
* * * LOW HITPOINT WARNING * * *
Unknown command.
Unknown command.
Unknown command.
Casting: Vampiric Draining (safe; 1% risk of failure)
Confirm with . or Enter, or press ? or * to list all spells.
Aiming: Vampiric Draining (safe; 1% risk of failure)
Press: ? - help, Shift-Dir - straight line, f/p - lindwurm
Aim: a lindwurm (heavily wounded, catching its breath)
You feel a surge of power!
You draw life force from the lindwurm.
You feel life coursing into your body.
The lindwurm bites you but does no damage.
The lindwurm misses you. The lindwurm completely misses you.
Unknown command.
Unknown command.
Unknown command.
You feel much better. The lindwurm breathes flames at you.
The blast of flame hits you!!
* * * LOW HITPOINT WARNING * * *
Unknown command.
Unknown command.
You feel yourself speed up. The lindwurm closely misses you.
The lindwurm misses you. The lindwurm claws you.
* * * LOW HITPOINT WARNING * * *
Unknown command.
You see here a water moccasin corpse.
The lindwurm breathes flames at you. The blast of flame hits you!!!
You die...
Kikubaaqudgha rasps: "You have failed me!
Welcome... death!"

##..>.##.P###...##
#...## ##
#..........##..##
##..# #
...............##
#.## #
.P.P..P###.P....# #.#
# .##.... ##.#..##
#.# # ###S# ###.k#
##.# ## #S #..## #P.#
#. .. ##†.# ####.# ##
#. #@####.#..# #. #.
##.........########
##.#.#......##..##.P
##...................
.......<....#.P..####
####.######....P###
.# ####.## # ###


You could see a lindwurm (catching breath).

Vanquished Creatures
  3 hydras
  2 boulder beetles
  2 catoblepae
  Urug (Lair:2)
  A gargoyle (D:10)
  2 black mambas
  3 cane toads
  An unseen horror (D:8)
  A komodo dragon (Lair:1)
  A rime drake (Lair:2)
  Psyche (D:11)
  A tengu conjurer (D:8)
  6 trolls
  A hornet (D:7)
  A meliai zombie (D:11)
  3 blink frogs (Lair:1)
  A snapping turtle (Lair:2)
  3 wraiths
  5 yaks (Lair:2)
  5 wyverns
  4 vampire mosquitoes
  2 acid dragons
  13 water moccasins
  5 orc warriors
  2 ice beasts
  A black bear (D:6)
  A necrophage (D:7)
  8 centaurs
  A phantom (D:5)
  2 kobold brigands
  8 bullfrogs
  4 scorpions
  4 water moccasin zombies (Ossuary)
  2 gnoll sergeants (D:8)
  A killer bee (D:7)
  8 wights
  3 electric eels
  2 howler monkeys
  6 centaur zombies
  3 jellies
  A bullfrog skeleton (D:6)
  2 hounds
  A gnoll shaman (D:7)
  5 orc priests
  An iguana (D:6)
  9 orc wizards
  Natasha (thrice) (D:3)
  5 hell rats (Lair:1)
  A hound skeleton (D:4)
  2 mummies (Ossuary)
  2 howler monkey zombies
  6 adders
  4 gnolls (D:7)
  A white imp (D:8)
  An ufetubus (D:4)
  8 adder zombies (Ossuary)
  A worm (D:3)
  A dart slug (D:2)
  27 orcs
  8 ball pythons
  5 endoplasms
  4 giant cockroaches
  7 hobgoblins
  6 jackals
  6 kobolds
  3 quokkas
  7 bats
  4 frilled lizards
  6 gnoll zombies (Ossuary)
  7 goblins
  3 hobgoblin zombies (Ossuary)
  A jackal skeleton (D:4)
  6 kobold zombies (Ossuary)
  2 orc zombies (Ossuary)
  6 rats
286 creatures vanquished.

Vanquished Creatures (collateral kills)
  2 hydras
  2 two-headed ogres
  A deep elf pyromancer (D:12)
  A cyclops (D:8)
  2 centaurs
8 creatures vanquished.

Vanquished Creatures (others)
  An orc wizard (D:9)
  11 fungi
  19 plants
31 creatures vanquished.

Grand Total: 325 creatures vanquished

Notes
Turn   | Place    | Note
-------+----------+-------------------------------------------
     0 | D:1      | ZappyNine the Demonspawn Gladiator began the quest for the
                  | Orb.
     0 | D:1      | Reached XP level 1. HP: 16/16 MP: 1/1
   221 | D:1      | Gained mutation: A meltable shield of frost defends you.
                  | (SH +0) [demonic ancestry]
   221 | D:1      | Reached XP level 2. HP: 22/22 MP: 2/2
   843 | D:1      | Gained mutation: You regenerate magic rapidly. [demonic
                  | ancestry]
   843 | D:1      | Reached XP level 3. HP: 28/28 MP: 3/3
  1673 | D:2      | Found a faded altar of an unknown god.
  1701 | D:2      | Reached XP level 4. HP: 35/35 MP: 4/4
  2319 | D:3      | Noticed Natasha
  2346 | D:3      | Gained mutation: You have a pair of small horns on your
                  | head. [demonic ancestry]
  2346 | D:3      | Reached XP level 5. HP: 15/41 MP: 5/5
  2346 | D:3      | Gained mutation: Your natural rate of healing is unusually
                  | fast. [potion of mutation]
  2346 | D:3      | Gained mutation: You are agile. (Dex +2) [potion of
                  | mutation]
  2346 | D:3      | Gained mutation: You are resistant to electric shocks.
                  | (rElec) [potion of mutation]
  2346 | D:3      | Gained mutation: You possess an exceptional clarity of
                  | mind. [potion of mutation]
  2364 | D:3      | Killed Natasha
  2518 | D:3      | Reached skill level 1 in Armour
  2518 | D:3      | Gained mutation: You have large cloven feet. [demonic
                  | ancestry]
  2518 | D:3      | Reached XP level 6. HP: 20/48 MP: 6/6
  2577 | D:3      | Noticed Natasha
  2583 | D:3      | Killed Natasha
  2771 | D:3      | Noticed Natasha
  2781 | D:3      | Killed Natasha
  3184 | D:4      | Found a runed translucent door.
  3185 | D:4      | Noticed Crazy Yiuf
  3723 | D:5      | Entered Level 5 of the Dungeon
  3746 | D:5      | Found a staircase to the Ecumenical Temple.
  3766 | Temple   | Entered the Ecumenical Temple
  4040 | Temple   | Became a worshipper of Kikubaaqudgha
  4144 | D:5      | Reached XP level 7. HP: 33/55 MP: 7/7
  4184 | D:5      | Learned a level 1 spell: Animate Skeleton
  4410 | D:5      | Reached skill level 1 in Spellcasting
  4410 | D:5      | Reached skill level 1 in Necromancy
  4504 | D:5      | Identified the +0 pair of gloves of Autumn {Int+4 Dex+2}
  4836 | D:5      | Reached skill level 2 in Necromancy
  4952 | D:6      | Found a sand-covered staircase.
  4977 | D:6      | Found a bloodstained altar of Trog.
  5038 | D:6      | Reached skill level 3 in Necromancy
  5218 | Ossuary  | Entered an ossuary
  5281 | Ossuary  | Learned a level 3 spell: Vampiric Draining
  5286 | Ossuary  | Learned a level 4 spell: Animate Dead
  5311 | Ossuary  | Reached * piety under Kikubaaqudgha
  5311 | Ossuary  | Identified Kikubaaqudgha's Papyrus of Evil Secrets
                  | (Kikubaaqudgha gifted it to you in an ossuary)
  5311 | Ossuary  | Received a gift from Kikubaaqudgha
  5364 | Ossuary  | Reached skill level 5 in Fighting
  5364 | Ossuary  | Reached skill level 5 in Dodging
  5364 | Ossuary  | Gained mutation: You have hoof-like feet. [demonic
                  | ancestry]
  5364 | Ossuary  | Reached XP level 8. HP: 62/62 MP: 12/12
  5425 | Ossuary  | Reached skill level 4 in Necromancy
  5760 | D:6      | Learned a level 1 spell: Pain
  5763 | D:6      | Learned a level 2 spell: Corpse Rot
  6281 | D:6      | Reached ** piety under Kikubaaqudgha
  6380 | D:6      | Reached skill level 5 in Necromancy
  6617 | D:7      | Found a stormy altar of Qazlal.
  6627 | D:7      | Found Roahur's Armour Emporium.
  6754 | D:7      | Found a hide-covered altar of Uskayaw.
  6805 | D:7      | Found an ornate altar of the Wu Jian Council.
  6830 | D:7      | Gained mutation: You have a pair of horns on your head.
                  | [demonic ancestry]
  6830 | D:7      | Reached XP level 9. HP: 58/70 MP: 6/14
  6965 | D:7      | Found a sparkling altar of Nemelex Xobeh.
  7362 | D:7      | Reached skill level 6 in Necromancy
  8012 | D:8      | Noticed a tengu conjurer
  8023 | D:8      | Killed a tengu conjurer
  8024 | D:8      | Reached skill level 7 in Necromancy
  8055 | D:8      | Reached skill level 5 in Spellcasting
  8177 | D:8      | Noticed a five-headed hydra
  8188 | D:8      | Learned a level 5 spell: Agony
  8255 | D:8      | Killed a five-headed hydra
  8256 | D:8      | Gained mutation: A meltable icy envelope protects you from
                  | harm. (AC +0) [demonic ancestry]
  8256 | D:8      | Reached XP level 10. HP: 38/80 MP: 3/18
  8384 | D:8      | Reached *** piety under Kikubaaqudgha
  8384 | D:8      | Identified Kikubaaqudgha's Tome of Dark Rituals
                  | (Kikubaaqudgha gifted it to you on level 8 of the Dungeon)
  8384 | D:8      | Received a gift from Kikubaaqudgha
  8505 | D:8      | Noticed a two-headed ogre
  8695 | D:8      | Noticed a two-headed ogre
  8729 | D:8      | Killed a two-headed ogre
  8730 | D:8      | Reached skill level 8 in Necromancy
  8809 | D:8      | Noticed a cyclops
  8827 | D:8      | Killed a cyclops
  9183 | D:8      | Noticed a catoblepas
  9240 | D:8      | Learned a level 5 spell: Borgnjor's Vile Clutch
  9805 | D:9      | Reached skill level 1 in Earth Magic
  9922 | D:9      | Noticed a two-headed ogre
  9932 | D:9      | Killed a two-headed ogre
 10039 | D:9      | Noticed a boulder beetle
 10068 | D:9      | Killed a boulder beetle
 10101 | D:8      | Gained mutation: When hurt, damage is shared between your
                  | health and your magic reserves. [demonic ancestry]
 10101 | D:8      | Reached XP level 11. HP: 10/87 MP: 3/21
 10194 | D:8      | Learned a level 4 spell: Dispel Undead
 10353 | D:9      | Reached skill level 9 in Necromancy
 10474 | D:9      | Identified the +0 robe of the Clam {Dex+3}
 10486 | D:10     | Entered Level 10 of the Dungeon
 11174 | D:10     | Found a portal to a secret trove of treasure.
 11453 | D:11     | Reached skill level 1 in Staves
 11453 | D:11     | Reached skill level 1 in Evocations
 11563 | D:11     | Found Niemib's Magic Scroll Boutique.
 11652 | D:11     | Noticed Psyche
 12015 | D:11     | Killed Psyche
 12282 | D:11     | Found a staircase to the Lair.
 12311 | D:12     | Noticed a seven-headed hydra
 12717 | D:10     | Killed a seven-headed hydra
 12844 | D:12     | Found a staircase to the Orcish Mines.
 12852 | D:12     | Noticed a deep elf pyromancer
 13003 | D:12     | Killed a deep elf pyromancer
 13195 | D:12     | Noticed a five-headed hydra
 13208 | D:12     | Killed a five-headed hydra
 13209 | D:12     | Reached skill level 5 in Evocations
 13386 | Lair:1   | Entered Level 1 of the Lair of Beasts
 13520 | Lair:1   | Found a radiant altar of Vehumet.
 13520 | Lair:1   | Noticed an oklob plant
 13580 | Lair:1   | Noticed a four-headed hydra
 13587 | Lair:1   | Killed a four-headed hydra
 13588 | Lair:1   | Reached skill level 5 in Staves
 13808 | Lair:1   | Gained mutation: When low on magic, you restore magic in
                  | place of health. [demonic ancestry]
 13808 | Lair:1   | Reached XP level 12. HP: 82/90 MP: 18/22
 14435 | Lair:2   | Noticed a boulder beetle
 14554 | Lair:2   | Killed a boulder beetle
 14567 | Lair:2   | Noticed an eight-headed hydra
 14581 | Lair:2   | Killed an eight-headed hydra
 14732 | Lair:2   | Identified the +3 mace of Infinite Pain {protect, rC+}
 14754 | Lair:2   | Noticed a catoblepas
 14809 | Lair:2   | Killed a catoblepas
 14869 | Lair:2   | Found a staircase to the Shoals.
 14971 | Lair:2   | Noticed Urug
 14983 | Lair:2   | Killed Urug
 15561 | Lair:3   | Noticed a catoblepas
 15582 | Lair:3   | Killed a catoblepas
 15650 | Lair:3   | Found a staircase to the Snake Pit.
 15691 | Lair:3   | Killed from afar by a lindwurm

Illustrated notes

Levels and vault maps discovered:
D:1:      pf_arrival_petrified_forest, layout_loops_ring
D:2:      layout_basic, basic_ecumenical_altar
D:3:      layout_basic, uniq_natasha
D:4:      layout_basic, serial_corexii_hall, corexii_hall_statues_l,
          chequers_hall_statues_corner_a, corexii_hall_statues_x,
          chequers_hall_statues_y, uniq_crazy_yiuf_cottage
D:5:      layout_basic, minmay_temple_entry_sparse_star
D:6:      layout_basic, trog_butcher_becter,
          nicolae_ossuary_entry_false_entrances, minivault_10
D:7:      layout_cave_pools, kennysheep_little_box, general_overflow_altar,
          nemelex_diamond_rough_becter,
          chequers_temple_overflow_statue_of_worship, serial_shops, shop,
          serial_bayou_crossing
D:8:      nzn_winding_woodlands_large [nzn_winding_woodlands_hourglass,
          nzn_winding_woodlands_5x15_parted,
          nzn_winding_woodlands_5x5_open_star,
          nzn_winding_woodlands_center_triple_pond,
          nzn_winding_woodlands_15x15_boxy_spiral,
          nzn_winding_woodlands_center_pierced_h,
          nzn_winding_woodlands_5x5_default, nzn_winding_woodlands_5x15_twine,
          nzn_winding_woodlands_5x5_cross], layout_basic, minmay_starry_boxes
D:9:      layout_rooms, nzn_sisyphean_effort
D:10:     layout_loops_ring, nicolae_trove_entry_columns
D:11:     layout_stronghold, lair_entry_dummy, serial_column_ruins,
          column_ruins_square_small, column_ruins_hut, column_ruins_grid_1,
          column_ruins_open_small, column_ruins_grid_4, serial_shops,
          nicolae_shop_stone, uniq_psyche
D:12:     layout_cross, orc_0_dummy, minmay_misc_feat_more_columns
Temple:   eino_temple_scatter_basement
Lair:1:   layout_loops_ring, lemuel_oklob_altar
Lair:2:   layout_cave_pods, minmay_shoals_entry_hut, uniq_urug
Lair:3:   layout_loops_ring, minmay_snake_entry_six_corridors,
          serial_bayou_shore_b

Skill      XL: |  1  2  3  4  5  6  7  8  9 10 11 12 |
---------------+-------------------------------------+-----
Dodging        | 3 4 5 6 7 |  7.5
Short Blades   | 3 4 |  4.0
Fighting       | 3 4 5 6 7 8 |  8.8
Armour         | 1 2 3 4 |  4.1
Spellcasting   | 2 3 5 6 7 |  7.0
Necromancy     | 3 5 7 8 9 |  9.5
Earth Magic    | 3 4 |  4.2
Staves         | 5 7 |  7.4
Evocations     | 6 8 |  8.1
Throwing       | |  1.7

Action                   |  1- 3 |  4- 6 |  7- 9 | 10-12 || total
-------------------------+-------+-------+-------+-------++-------
Melee: Rapier            |   112 |   167 |   411 |   245 ||   935
       Headbutt          |       |    19 |   103 |   144 ||   266
       Kick              |       |    15 |     7 |       ||    22
       Staff             |       |       |       |   213 ||   213
Throw: Boomerang         |     6 |     7 |    21 |     1 ||    35
       Throwing net      |     1 |       |     6 |     1 ||     8
 Cast: Animate Skeleton  |       |       |    11 |     2 ||    13
       Pain              |       |       |    21 |    10 ||    31
       Vampiric Draining |       |       |    24 |    37 ||    61
       Animate Dead      |       |       |     3 |    23 ||    26
       Agony             |       |       |     4 |    39 ||    43
       Corpse Rot        |       |       |       |     2 ||     2
       Dispel Undead     |       |       |       |    22 ||    22
       Borgnjor's Vile C |       |       |       |    26 ||    26
Invok: Receive Corpses   |       |       |       |    22 ||    22
  Use: Potion            |       |     7 |    14 |    10 ||    31
       Scroll            |       |     9 |     7 |     5 ||    21
 Stab: Sleeping          |     2 |       |     2 |     1 ||     5
       Distracted        |       |       |     1 |       ||     1
       Invisible         |       |       |     3 |       ||     3
Armor: Leather armour    |    21 |    24 |    99 |   198 ||   342
       Skin              |       |       |    12 |     3 ||    15
       Troll leather arm |       |       |       |   118 ||   118
Dodge: Dodged            |    50 |    83 |   317 |   599 ||  1049
Block: Other             |    14 |    27 |    87 |   140 ||   268

Table legend: (Time is in decaauts)
 A = Elapsed time spent in this place.
 B = Non-inter-level travel time spent in this place.
 C = Inter-level travel time spent in this place.
 D = Time resting spent in this place.
 E = Time spent auto-exploring this place.
 F = Levels seen in this place.
 G = Mean time per level.
                   A        B        C        D        E       F      G
               +--------+--------+--------+--------+--------+-----+--------+
         Total |  15708 |  15142 |    566 |   1983 |   8940 |  17 |  924.0 |
       Dungeon |  12854 |  12370 |    484 |   1822 |   7168 |  12 | 1071.2 |
        Temple |    284 |    250 |     34 |      0 |    183 |   1 |  284.0 |
          Lair |   2305 |   2257 |     48 |    148 |   1588 |   3 |  768.3 |
       Ossuary |    263 |    263 |      0 |     13 |      0 |   1 |  263.0 |
               +--------+--------+--------+--------+--------+-----+--------+

Top non-repeatable levels by time:
     D:8: 1833 daAuts
     D:7: 1374 daAuts
     D:6: 1291 daAuts
    D:10: 1250 daAuts
  Lair:2: 1226 daAuts
     D:1: 1153 daAuts
    D:11: 1110 daAuts
     D:3: 940 daAuts
  Lair:1: 939 daAuts
     D:5: 880 daAuts
     D:4: 840 daAuts
     D:9: 836 daAuts
     D:2: 784 daAuts
    D:12: 559 daAuts
  Temple: 284 daAuts
